 Dungeon Crawl Stone Soup version 0.20.0-15-g7f486f2 (webtiles) character file.

27217 Celandrion the Nimble (level 13, -15/81 (83) HPs)
             Began as a Halfling Berserker on June 10, 2017.
             Was an Elder of Trog.
             Demolished by an ettin
             ... wielding a +0 dire flail
              (35 damage)
             ... on level 1 of the Orcish Mines.
             The game lasted 01:41:41 (21371 turns).

Celandrion the Nimble (Halfling Berserker)         Turns: 21371, Time: 01:41:41

HP:   -15/81 (83)   AC: 19    Str: 19    XL:     13   Next: 64%
MP:   13/13         EV: 14    Int:  7    God:    Trog [****..]
Gold: 804           SH: 16    Dex: 18    Spells: 12/12 levels left

rFire    + + .     SeeInvis +   t - +1 long sword
rCold    + . .     Gourm    .   v - +0 shield
rNeg     . . .     Faith    .   u - +0 plate armour of Jomoarphai {rF++ rC+ Regen+ Int+2}
rPois    .         Spirit   .   m - +1 helmet
rElec    .         Reflect  +   n - +0 cloak
rCorr    .         Harm     .   (no gloves)
MR       +....                  (no boots)
Stlth    ..........             k - +3 amulet of reflection
Regen    0.7/turn               i - ring of protection from magic
MPRegen  0.2/turn               y - ring of see invisible

@: no status effects
A: mutation resistance 1
a: Berserk, Trog's Hand, Brothers in Arms, Burn Spellbooks, Renounce Religion


You were on level 1 of the Orcish Mines.
You worshipped Trog.
Trog was greatly pleased with you.
You were very hungry.

You visited 3 branches of the dungeon, and saw 17 of its levels.
You also visited: Labyrinth.

You collected 1327 gold pieces.
You spent 523 gold pieces at shops.

Inventory:

Hand Weapons
 e - a +0 hunting sling
 r - the +3 dagger of the Sage {flame, MR+}
   (You bought it in a shop on level 12 of the Dungeon)

   It has been specially enchanted to burn those struck by it, causing extra
   injury to most foes and up to half again as much damage against particularly
   susceptible opponents.
   It affects your resistance to hostile enchantments.
 s - a +0 rapier
 t - a +1 long sword (weapon)
Missiles
 z - 3 silver tomahawks (quivered)
Armour
 m - a +1 helmet (worn)
 n - a +0 cloak (worn)
 u - the +0 plate armour of Jomoarphai (worn) {rF++ rC+ Regen+ Int+2}
   (You found it on level 5 of the Dungeon)

   It affects your intelligence (+2).
   It greatly protects you from fire.
   It protects you from cold.
   It increases your rate of regeneration.
 v - a +0 shield (worn)
Jewellery
 f - an uncursed ring of flight
 i - a ring of protection from magic (left hand)
 k - a +3 amulet of reflection (around neck)
 y - a ring of see invisible (right hand)
 C - an uncursed amulet of guardian spirit
Wands
 b - a wand of flame (35/48)
 g - a wand of flame (6/48)
 p - a wand of flame (19/48)
 A - a wand of lightning (0/15)
 D - a wand of polymorph (16/24)
 E - a wand of acid (0/15)
 G - a wand of polymorph (11/24)
Scrolls
 w - a scroll of enchant armour
 x - 6 scrolls of fog
 F - 3 scrolls of teleportation
 J - 3 scrolls of enchant weapon
 K - 2 scrolls of magic mapping
 M - a scroll of holy word
 O - a scroll of identify
Potions
 h - 2 potions of ambrosia
 o - 3 potions of mutation
 q - 2 potions of flight
 B - 2 potions of lignification
 H - 2 potions of curing
Comestibles
 c - 4 bread rations
 j - 8 meat rations
 l - 12 royal jellies


   Skills:
 - Level 5.7 Fighting
 - Level 7.8(10.6) Short Blades
 + Level 9.7(10.5) Long Blades
 + Level 12.0 Armour
 + Level 12.2 Dodging
 + Level 10.7 Shields


You had 12 spell levels left.
You didn't know any spells.

Dungeon Overview and Level Annotations

Branches:
Dungeon (12/15)            Temple (0/1) D:6            Lair (3/6) D:10
 Shoals (0/4) Lair:3          Orc (2/2) D:11
  Snake: Lair:2-4    Spider: Lair:2-4       Elf: Orc:2

Altars:
Ashenzari
Dithmenos
Elyvilon
Fedhas
Okawaru
Ru
Sif Muna
Vehumet
Yredelemnul
The Shining One
Beogh

Shops:
D:5 *   D:12 (   Orc:1 (

Annotations:
D:6 1 runed door
D:7 Bees!


Innate Abilities, Weirdness & Mutations

You are small and have problems with some larger weapons.
You are somewhat resistant to further mutation.


Message History

You closely miss the orc priest.
The orc priest is almost dead.
You block the orc warrior's attack.
Things that are here:
a chain mail; a mace The orc warrior hits you with a scimitar of protection.
The orc priest invokes the aid of Beogh against you.
Beogh smites you!
* * * LOW HITPOINT WARNING * * *
The orc priest invokes the aid of Beogh against you.
Beogh smites you!
* * * LOW HITPOINT WARNING * * *
Okay, then.
As you read the scroll of fear, it crumbles to dust.
You assume a fearsome visage.
The orc warrior looks frightened!
The orc priest looks frightened!
The ettin easily resists.
Things that are here:
a chain mail; a scimitar The ettin misses you.
The ettin hits you with a dire flail!!
You die...

##...# ##.#.#...)... ##..###
#............
####.....#####............
###.#.......#.##[[........#.
##......._.......#)..........
#.........................)#.
##.#..#.............#........
######.....C.......#........
##....@................
#.....................
##....(...............
###.#.[[.............
###....##..#.#....##
##.......#...#....###
##....##(.#+#......#
#......#..'∩'.....##
##.##.###.#'#......#


You could see an ettin.

Vanquished Creatures
  An orc warlord (Orc:1)
  An ettin (Orc:1)
  A minotaur (Lab)
  2 hydras (Lair:2)
  A death yak (Lair:3)
  2 two-headed ogres
  An orc high priest (D:11)
  Pikel (D:7)
  2 cyclopes
  2 ugly things (D:12)
  Psyche (D:10)
  A black mamba (Lair:1)
  2 spiny frogs
  A rime drake (Lair:1)
  3 komodo dragons
  2 trolls
  4 blink frogs
  Grinder (D:4)
  6 hippogriffs
  2 wyverns
  Sigmund (D:3)
  Eustachio (D:4)
  2 redbacks (Lab)
  14 yaks
  3 hungry ghosts
  2 basilisks
  2 vampire mosquitoes (D:10)
  Menkaure (D:4)
  6 water moccasins
  3 wargs
  2 porcupines
  14 orc warriors
  An ice beast (D:12)
  2 slaves (D:7)
  3 phantoms
  An eye of draining (D:11)
  2 necrophages
  7 ogres
  6 crocodiles
  9 wolves
  8 centaurs
  An earth elemental (Lab)
  7 bullfrogs
  A killer bee (D:6)
  5 scorpions
  A howler monkey (D:8)
  5 crimson imps
  3 bullfrog zombies
  3 hounds
  7 orc priests
  Crazy Yiuf (D:3)
  6 centaur skeletons
  A centaur zombie (D:6)
  A gnoll shaman (D:7)
  7 jellies
  14 orc wizards
  An iguana (D:11)
  6 worker ants
  2 hound zombies
  2 howler monkey zombies
  Robin (D:3)
  20 adders
  3 gnolls (D:7)
  3 shadow imps
  5 oozes (D:8)
  An adder skeleton (D:8)
  A worm (D:3)
  A dart slug (D:1)
  4 leopard geckos
  59 orcs
  2 ball pythons
  6 giant cockroaches
  19 goblins
  5 hobgoblins
  23 jackals
  10 quokkas
  11 bats
  7 frilled lizards
  A jackal skeleton (D:4)
  9 kobolds
  2 quokka skeletons (D:4)
  9 rats
403 creatures vanquished.

Vanquished Creatures (collateral kills)
  Nergalle (Lair:2)
  A manticore (D:11)
  A spiny frog (Lair:3)
  A komodo dragon (Lair:1)
  A polar bear (Lair:2)
  A spriggan (Lair:3)
  A vampire (D:9)
  4 yaks (Lair:1)
  An ogre (D:6)
  A water moccasin skeleton (D:11)
  An orc priest (D:11)
14 creatures vanquished.

Vanquished Creatures (others)
  A centaur (D:7)
  3 fungi
  5 plants
9 creatures vanquished.

Grand Total: 426 creatures vanquished

Notes
Turn   | Place    | Note
-------+----------+-------------------------------------------
     0 | D:1      | Celandrion the Halfling Berserker began the quest for the Orb.
     0 | D:1      | Reached XP level 1. HP: 15/15 MP: 1/1
   204 | D:1      | Reached XP level 2. HP: 9/20 MP: 2/2
  1005 | D:1      | Reached XP level 3. HP: 26/26 MP: 3/3
  1549 | D:2      | Found a deep blue altar of Sif Muna.
  1579 | D:2      | Reached ** piety under Trog
  1932 | D:2      | Reached XP level 4. HP: 20/31 MP: 4/4
  2183 | D:2      | Found a shadowy altar of Dithmenos.
  2184 | D:2      | Found a white marble altar of Elyvilon.
  2415 | D:2      | Reached XP level 5. HP: 36/36 MP: 5/5
  2725 | D:3      | Noticed a centaur
  2991 | D:3      | Noticed Robin
  3033 | D:3      | Killed Robin
  3049 | D:3      | Noticed Sigmund
  3283 | D:3      | Reached *** piety under Trog
  3286 | D:3      | Reached skill level 5 in Short Blades
  3399 | D:3      | Killed Sigmund
  3399 | D:3      | Reached XP level 6. HP: 43/43 MP: 6/6
  3619 | D:3      | Found a sacrificial altar of Ru.
  3718 | D:3      | Reached XP level 7. HP: 24/48 MP: 7/7
  4200 | D:3      | Found a runed door.
  4208 | D:3      | Noticed Crazy Yiuf
  4212 | D:3      | Paralysed by Crazy Yiuf for 2 turns
  4218 | D:3      | Killed Crazy Yiuf
  4695 | D:4      | Noticed Eustachio
  4700 | D:4      | Noticed Menkaure
  4719 | D:4      | Killed Menkaure
  4985 | D:4      | Reached **** piety under Trog
  5257 | D:4      | Noticed Grinder
  5268 | D:4      | Killed Grinder
  5268 | D:4      | Reached skill level 5 in Armour
  5268 | D:4      | Reached skill level 5 in Dodging
  5268 | D:4      | Reached XP level 8. HP: 54/54 MP: 8/8
  6089 | D:5      | Entered Level 5 of the Dungeon
  6380 | D:4      | Reached skill level 5 in Fighting
  7185 | D:4      | Killed Eustachio
  7264 | D:5      | Found a basalt altar of Yredelemnul.
  7276 | D:5      | Reached XP level 9. HP: 56/61 MP: 9/9
  7357 | D:5      | Found an iron altar of Okawaru.
  7498 | D:5      | Found Futiff's General Store.
  7519 | D:5      | Bought a scroll of identify for 24 gold pieces
  7519 | D:5      | Bought a potion of mutation for 96 gold pieces
  7759 | D:5      | Found a shattered altar of Ashenzari.
  7951 | D:5      | Got a warped plate armour
  7962 | D:5      | Identified the +0 plate armour of Jomoarphai {rF++ rC+ Regen+ Int+2} (You found it on level 5 of the Dungeon)
  8527 | D:6      | Found a white marble altar of Elyvilon.
  8527 | D:6      | Noticed an angel
  8553 | D:6      | Found a runed door.
  8577 | D:6      | Reached skill level 1 in Long Blades
  8683 | D:6      | Reached skill level 1 in Shields
  9033 | D:6      | Found a staircase to the Ecumenical Temple.
  9520 | D:7      | Noticed Pikel
  9550 | D:7      | Killed Pikel
  9552 | D:7      | Found a glowing golden altar of the Shining One.
 10239 | D:6      | Reached XP level 10. HP: 38/66 MP: 10/10
 10610 | D:8      | Reached ***** piety under Trog
 10669 | D:8      | Noticed a two-headed ogre
 10708 | D:8      | Killed a two-headed ogre
 10837 | D:8      | Reached skill level 5 in Shields
 10888 | D:8      | Found a radiant altar of Vehumet.
 10889 | D:8      | Found a blossoming altar of Fedhas.
 10993 | D:8      | Received a gift from Trog
 11149 | D:9      | Noticed a two-headed ogre
 11154 | D:9      | Killed a two-headed ogre
 11325 | D:9      | Reached skill level 5 in Long Blades
 11408 | D:9      | Reached XP level 11. HP: 70/70 MP: 11/11
 11881 | D:10     | Entered Level 10 of the Dungeon
 13409 | D:10     | Found a staircase to the Lair.
 13524 | D:10     | Reached skill level 10 in Dodging
 13861 | D:11     | Noticed a manticore
 13874 | D:11     | Killed a manticore
 13926 | D:11     | Got a jewelled quarterstaff
 13929 | D:11     | Identified the cursed +1 quarterstaff of Flawed Execution {flame, rF- rC++ Dex+2} (You found it on level 11 of the Dungeon)
 14311 | D:11     | Reached skill level 10 in Armour
 14315 | D:11     | Found a staircase to the Orcish Mines.
 14405 | D:11     | Noticed Psyche
 14405 | D:11     | Noticed a cyclops
 14418 | D:10     | Paralysed by Psyche for 2 turns
 14429 | D:10     | Killed Psyche
 14429 | D:10     | Reached XP level 12. HP: 51/76 MP: 12/12
 14977 | Lair:1   | Entered Level 1 of the Lair of Beasts
 15365 | Lair:1   | Received a gift from Trog
 16408 | Lair:2   | Noticed a six-headed hydra
 16438 | Lair:2   | Killed a six-headed hydra
 16756 | Lair:2   | Noticed Nergalle
 16765 | Lair:2   | Killed Nergalle
 17189 | Lair:2   | Noticed a four-headed hydra
 17235 | Lair:2   | Killed a four-headed hydra
 17886 | Lair:3   | Found a staircase to the Shoals.
 18144 | Lair:3   | Reached XP level 13. HP: 65/81 MP: 9/13
 18934 | Orc:1    | Entered Level 1 of the Orcish Mines
 18934 | Orc:1    | Noticed an orc warlord
 18985 | D:11     | Reached skill level 10 in Shields
 19101 | D:12     | Found Gaamu's Antique Weapon Boutique.
 19165 | D:12     | Bought a glowing falchion for 186 gold pieces
 19239 | D:12     | Found a labyrinth entrance.
 19245 | Lab      | Entered a labyrinth
 19640 | Lab      | Noticed a minotaur
 19651 | Lab      | Killed a minotaur
 19829 | D:12     | Bought a bloodstained dagger for 217 gold pieces
 19831 | D:12     | Identified the cursed +3 dagger of the Sage {flame, MR+} (You bought it in a shop on level 12 of the Dungeon)
 20394 | Orc:1    | Killed an orc warlord
 20596 | Orc:1    | Found a roughly hewn altar of Beogh.
 20605 | Orc:1    | Found Fitwill's Weapon Boutique.
 20886 | Orc:2    | Entered Level 2 of the Orcish Mines
 20886 | Orc:2    | Noticed an ettin
 21033 | Orc:1    | Noticed an ettin
 21051 | Orc:1    | Killed an ettin
 21340 | Orc:1    | HP: 1/81 [orc priest/divine providence (12)]
 21371 | Orc:1    | Demolished by an ettin

Skill      XL: |  1  2  3  4  5  6  7  8  9 10 11 12 13 |
---------------+----------------------------------------+-----
Fighting       | 3 4 5 |  5.7
Short Blades   | 4 5 6 7 |  7.8
Armour         | 3 4 5 6 7 8 10 11 12 | 12.0
Dodging        | 3 4 5 7 8 10 11 12 | 12.2
Long Blades    | 2 5 7 8 9 |  9.7
Shields        | 3 5 8 9 10 | 10.7

Action                   |  1- 3 |  4- 6 |  7- 9 | 10-12 | 13-15 || total
-------------------------+-------+-------+-------+-------+-------++-------
Melee: Short sword       |   129 |   247 |   363 |       |       ||   739
       Rapier            |       |       |    98 |       |       ||    98
       Long sword        |       |       |   227 |  1198 |   468 ||  1893
       Dagger            |       |       |       |       |    37 ||    37
Throw: Tomahawk          |       |       |     2 |       |     1 ||     3
Invok: Berserk           |     1 |     3 |     4 |     7 |     7 ||    22
       Brothers in Arms  |       |       |     1 |     7 |     4 ||    12
       Burn Spellbooks   |       |       |       |     1 |     1 ||     2
       Trog's Hand       |       |       |       |     1 |       ||     1
Evoke: Wand              |       |       |     5 |    24 |       ||    29
  Use: Scroll            |     3 |     1 |    12 |    12 |     6 ||    34
       Potion            |       |     2 |     2 |     2 |     3 ||     9
 Stab: Sleeping          |     3 |       |       |       |       ||     3
       Invisible         |       |       |       |       |     4 ||     4
  Eat: Chunk             |     4 |     5 |    13 |    25 |    10 ||    57
       Bread ration      |       |     1 |     1 |     3 |     1 ||     6
       Royal jelly       |       |       |     2 |     2 |     2 ||     6
       Fruit             |       |       |     3 |     9 |       ||    12
Armor: Animal skin       |    20 |       |       |       |       ||    20
       Chain mail        |     6 |   169 |   128 |       |       ||   303
       Plate armour      |       |       |   121 |   513 |    92 ||   726
Dodge: Dodged            |   120 |   174 |   262 |   548 |   132 ||  1236
Block: Shield            |       |       |    83 |   831 |   321 ||  1235
       Reflection        |       |       |       |       |     9 ||     9
       Rpst.: Long sword |       |       |    20 |   151 |    33 ||   204
